 Dungeon Crawl Stone Soup version 0.27.1-33-g824d729ab1 (webtiles) character file.

Game seed: 3110302785032008894

46 Destapler the Cudgeller (level 3, -1/46 HPs)
             Began as a Palentonga Berserker on Dec 9, 2021.
             Was a Believer of Trog.
             Slain by an adder (3 damage)
             ... on level 2 of the Dungeon.
             The game lasted 00:02:30 (1008 turns).

Destapler the Cudgeller (Palentonga Berserker)      Turns: 1008, Time: 00:02:31

Health: -1/46      AC:  4    Str: 20    XL:     3   Next: 44%
Magic:  3/3        EV: 10    Int:  7    God:    Trog [**....]
Gold:   22         SH:  0    Dex: 10    Spells: 2/2 levels left

rFire    . . .     SeeInvis +   a - +1 whip (elec)
rCold    . . .     Faith    .   (no shield)
rNeg     . . .     Spirit   .   b - +0 animal skin
rPois    .         Reflect  .   (no helmet)
rElec    .         Harm     .   (no cloak)
rCorr    .         Rampage  .   (no gloves)
Will     .....                  (no barding)
Stlth    ..........             (no amulet)
HPRegen  0.15/turn              (no ring)
MPRegen  0.08/turn              (no ring)

@: berserking, very quick
A: large, rugged brown scales 3, see invisible, deformed body, roll 1, armoured
tail
a: Rolling Charge, Renounce Religion, Berserk, Trog's Hand


You were on level 2 of the Dungeon.
You worshipped Trog.
Trog was pleased with you.
You visited 1 branch of the dungeon, and saw 2 of its levels.

You collected 22 gold pieces.

Inventory:

Hand Weapons
 a - a +1 whip of electrocution (weapon)
 e - a +0 mace
Armour
 b - a +0 animal skin (worn)
Scrolls
 c - a scroll of fear {unknown}
 d - 2 scrolls of immolation {unknown}


   Skills:
 + Level 3.3 Fighting
 * Level 3.6 Maces & Flails
 + Level 2.0 Armour
 + Level 2.0 Dodging


You had 2 spell levels left.
You didn't know any spells.
Your spell library was empty.

Dungeon Overview and Level Annotations

Branches:
Dungeon (2/15)

Altars:

Shops:
D:1 (?


Innate Abilities, Weirdness & Mutations

You are completely covered in rugged brown scales. (AC +3, +7% HP)
You have supernaturally acute eyesight. (SInv)
Armour fits poorly on your strangely shaped body.
You can roll at nearby foes to attack.
You have a long armoured tail.


Message History

You are poisoned.
The adder poisons you!
You closely miss the adder.
The adder is lightly wounded.
You feel sick. The adder barely misses you.
You completely miss the adder.
Your tail-slap misses the adder.
The adder is lightly wounded.
You feel sick. The adder bites you.
A red film seems to cover your vision as you go berserk!
You feel yourself moving faster!
You feel mighty!
You feel sick. The adder barely misses you. The adder bites you.
You completely miss the adder.
The adder is lightly wounded.
You feel sick.
You whack the adder!
You kill the adder!
Trog accepts your kill.
The kobold throws a stone.
The stone closely misses you.
You feel sick. The kobold closely misses you.
The gnoll hits you from afar with a +0 halberd!
* * * LOW HITPOINT WARNING * * *
Things that are here:
an adder corpse; a bat corpse You whack the kobold!
Lightning courses through the kobold!!
You feel the power of Trog in you as your rage grows.
You kill the kobold!
Trog accepts your kill.
You feel sick.
You miss the adder.
Your tail-slap misses the adder.
The gnoll hits you from afar with a +0 halberd!
* * * LOW HITPOINT WARNING * * *
The adder closely misses you.
You are too injured to fight recklessly!
You are too injured to fight recklessly!
You are too injured to fight recklessly!
Unknown command.
You barely miss the adder.
You feel sick.
You are no longer poisoned.
The adder bites you.
You die...

.# #. .. S . .K.# ..
.#. ..# ..#.... ....#..
################.......
#.........(..@Sr)......
##.############g....##.
#.# #.....# #.#
#........ #.# #........
#.# #........ #.#
##......# ##.## ......#
#...#


You could see a gnoll, an adder and a quokka.

Vanquished Creatures
  2 adders (D:2)
  2 dart slugs (D:1)
  2 ball pythons
  2 bats (D:2)
  2 endoplasms
  A giant cockroach (D:1)
  3 goblins
  2 hobgoblins (D:1)
  A quokka (D:1)
  A frilled lizard (D:2)
  3 kobolds
  3 rats (D:1)
24 creatures vanquished.

Notes
Turn   | Place    | Note
-------+----------+-------------------------------------------
     0 | D:1      | Destapler the Palentonga Berserker began the quest for the
                  | Orb.
     0 | D:1      | Reached XP level 1. HP: 19/19 MP: 1/1
   141 | D:1      | Reached XP level 2. HP: 23/25 MP: 2/2
   174 | D:1      | Found Wiagedaj's Magic Scroll Shop.
   390 | D:1      | Found a faded altar of an unknown god.
   470 | D:1      | Found Welosch's Antique Weapon Emporium.
   983 | D:2      | Reached ** piety under Trog
   984 | D:2      | Reached XP level 3. HP: 26/31 MP: 3/3
  1008 | D:2      | HP: 2/46 [poisoned by an adder]
  1008 | D:2      | Slain by an adder

Illustrated notes

Levels and vault maps discovered:
D:1:      lightli_arrival_farm, layout_loops_ring,
          dreamdust_ecumenical_altar_grove, serial_shops, shop,
          nicolae_shop_trees
D:2:      layout_basic, minmay_increasing_density, uniq_natasha, uniq_jessica

Skill      XL: |  1  2  3 |
---------------+----------+-----
Dodging        | 2 |  2.0
Armour         | 2 |  2.0
Fighting       | |  3.3
Maces & Flails | |  3.6

Action                   || total
-------------------------++-------
Melee: Mace              ||    27
       Whip              ||    22
       Tailslap          ||     2
Invok: Berserk           ||     1
 Abil: Rolling Charge    ||    12
Armor: Animal skin       ||    16
Dodge: Dodged            ||    14
